 Dungeon Crawl Stone Soup version 0.20.1-1-g8b1a95d (webtiles) character file.

144 smedtjen the Skirmisher (level 5, 0/42 HPs)
             Began as a Demonspawn Abyssal Knight on Nov 7, 2017.
             Was a Follower of Lugonu.
             Succumbed to a scorpion's poison
             ... on level 3 of the Dungeon on Nov 8, 2017.
             The game lasted 00:08:34 (2519 turns).

smedtjen the Skirmisher (Demonspawn Abyssal Knight) Turns: 2519, Time: 00:08:34

Health: 0/42       AC: 10    Str: 13    XL:     5   Next: 5%
Magic:  7/7        EV:  7    Int: 14    God:    Lugonu [*.....]
Gold:   113        SH:  0    Dex: 14    Spells: 4/4 levels left

rFire    . . .     SeeInvis .   a - +1 spear
rCold    . . .     Gourm    .   (no shield)
rNeg     . . .     Faith    .   j - +0 chain mail
rPois    .         Spirit   .   (no helmet)
rElec    .         Reflect  .   (no cloak)
rCorr    .         Harm     .   (no gloves)
MR       .....                  (no boots)
Stlth    ..........             k - amulet of inaccuracy (curse)
Regen    0.2/turn               (no ring)
MPRegen  0.1/turn               (no ring)

@: lethally poisoned (0 -> -8)
A: agile 1, powered by death 2, shaggy fur 1, sturdy frame 1
a: Depart the Abyss, Renounce Religion


You were on level 3 of the Dungeon.
You worshipped Lugonu.
Lugonu was aware of your devotion.
You were very full.

You visited 1 branch of the dungeon, and saw 3 of its levels.
You visited the Abyss 1 time.

You collected 113 gold pieces.

Inventory:

Hand Weapons
 a - a +1 spear (weapon)
 b - a +0 hunting sling
 g - a +1 dagger of flaming
Missiles
 e - 52 stones (quivered)
Armour
 j - a +0 chain mail (worn)
Jewellery
 k - a cursed amulet of inaccuracy (around neck)
Scrolls
 d - 4 scrolls of identify
 i - a scroll of remove curse
Comestibles
 c - a bread ration
 l - 3 chunks of flesh


   Skills:
 + Level 3.8 Fighting
 + Level 2.9 Polearms
 + Level 2.9 Armour
 + Level 1.3 Dodging
 + Level 0.4 Stealth
 + Level 3.1 Invocations


You had 4 spell levels left.
You didn't know any spells.

Dungeon Overview and Level Annotations

Branches:
Dungeon (3/15)

Altars:


Innate Abilities, Weirdness & Mutations

You regenerate health from kills.
Your movements are slightly less encumbered by armour. (ER -2)
You are agile. (Dex +2)
You are covered in fur. (AC +1)


Message History

You feel sick.
Oops, that amulet feels deathly cold.
k - a cursed amulet of inaccuracy (around neck)
There is a lethal amount of poison in your body!
There is a lethal amount of poison in your body!
There is a lethal amount of poison in your body!
There is a lethal amount of poison in your body!
There is a lethal amount of poison in your body!
There is a lethal amount of poison in your body!
There is a lethal amount of poison in your body!
There is a lethal amount of poison in your body!
There is a lethal amount of poison in your body!
There is a lethal amount of poison in your body!
A rat comes into view.
* * * LOW HITPOINT WARNING * * *
You feel sick.
You see here a scorpion corpse.
* * * LOW HITPOINT WARNING * * *
You feel sick. The rat completely misses you.
You die...

........#.# #.....#
........#.# #.....#
..#.....############
..#.....##.....
...............
#.......##.....
.......†# ....
........######+ ###.
##.....@r...... ....
............... #
.............## #
.............# #
###..#..#...... #
.......#...... #
#.......#...#.. .. #
.....#..#...#.. .. #
.#####


You could see a rat.

Vanquished Creatures
  A scorpion (D:3)
  4 adders (D:2)
  An ooze (D:1)
  2 dart slugs
  2 leopard geckos (D:1)
  2 giant cockroaches
  6 goblins
  5 hobgoblins
  7 jackals
  4 bats
  4 frilled lizards
  6 kobolds
  3 rats
47 creatures vanquished.

Notes
Turn   | Place    | Note
-------+----------+-------------------------------------------
     0 | Abyss:1  | smedtjen the Demonspawn Abyssal Knight began the quest for the Orb.
     0 | Abyss:1  | Reached XP level 1. HP: 18/18 MP: 2/2
    48 | Abyss:1  | Noticed a large abomination
    49 | D:1      | Escaped the Abyss
   361 | D:1      | Gained mutation: You regenerate a little health from kills. [demonic ancestry]
   361 | D:1      | Reached XP level 2. HP: 20/24 MP: 3/3
   501 | D:1      | Reached * piety under Lugonu
   520 | D:1      | Reached skill level 1 in Dodging
   907 | D:1      | Gained mutation: Your movements are slightly less encumbered by armour. (ER -2) [demonic ancestry]
   907 | D:1      | Reached XP level 3. HP: 29/29 MP: 5/5
  2063 | D:2      | Reached XP level 4. HP: 32/36 MP: 6/6
  2512 | D:3      | Gained mutation: You regenerate health from kills. [demonic ancestry]
  2512 | D:3      | Reached XP level 5. HP: 7/42 MP: 7/7
  2513 | D:3      | Gained mutation: You are agile. (Dex +2) [potion of mutation]
  2513 | D:3      | Gained mutation: You are covered in fur. (AC +1) [potion of mutation]
  2517 | D:3      | HP: 2/42 [poisoned by a scorpion]
  2519 | D:3      | Succumbed to a scorpion's poison

Skill      XL: |  1  2  3 |
---------------+----------+-----
Dodging        | 1 |  1.3
Invocations    | 3 |  3.1
Polearms       | 2 |  2.9
Armour         | 2 |  2.9
Fighting       | |  3.8
Stealth        | |  0.4

Action                   |  1- 3 |  4- 6 || total
-------------------------+-------+-------++-------
Melee: Spear             |   129 |    51 ||   180
 Fire: Hunting sling     |     7 |     4 ||    11
Invok: Depart the Abyss  |     1 |       ||     1
  Use: Scroll            |     3 |       ||     3
       Potion            |       |     1 ||     1
  Eat: Chunk             |     3 |     1 ||     4
       Fruit             |     1 |       ||     1
       Bread ration      |       |     1 ||     1
       Royal jelly       |       |     1 ||     1
Armor: Scale mail        |    12 |       ||    12
       Leather armour    |     1 |       ||     1
       Chain mail        |    74 |    41 ||   115
Dodge: Dodged            |    44 |    31 ||    75
